 Dungeon Crawl Stone Soup version 0.26.0-10-g1f06aea511 (webtiles) character file.

Game seed: 2279871973924459481

10441 sanka the Cleaver (level 11, 0/105 HPs)
             Began as a Palentonga Hunter on Jan 17, 2021.
             Was an Elder of Okawaru.
             Slain by a vampire mosquito (12 damage)
             ... on level 8 of the Dungeon.
             The game lasted 00:18:05 (13986 turns).

sanka the Cleaver (Palentonga Hunter)              Turns: 13986, Time: 00:18:06

Health: 0/105      AC: 20    Str: 19    XL:     11   Next: 36%
Magic:  14/14      EV:  8    Int: 12    God:    Okawaru [****..]
Gold:   648        SH:  0    Dex: 10    Spells: 10/10 levels left

rFire    . . .     SeeInvis +   b - +0 morningstar
rCold    . . .     Faith    .   (no shield)
rNeg     . . .     Spirit   .   (no armour)
rPois    .         Reflect  .   y - +0 helmet
rElec    .         Harm     .   j - +0 cloak
rCorr    +         Rampage  .   o - +1 pair of gloves
Will     .....                  m - +0 barding
Stlth    +.........             (no amulet)
HPRegen  0.27/turn              (no ring)
MPRegen  0.14/turn              L - ring of resist corrosion

@: curled up
A: large, rugged brown scales 3, see invisible, deformed body, roll 1, armoured
tail, reflexive curl
a: Rolling Charge, Renounce Religion, Heroism


You were on level 8 of the Dungeon.
You worshipped Okawaru.
Okawaru was greatly pleased with you.
You visited 2 branches of the dungeon, and saw 10 of its levels.
You also visited: Ossuary.

You collected 648 gold pieces.


Innate Abilities, Weirdness & Mutations

You are completely covered in rugged brown scales. (AC +3, +7% HP)
You have supernaturally acute eyesight. (SInv)
Armour fits poorly on your strangely shaped body.
You can roll at nearby foes to attack.
You have a long armoured tail.
You curl defensively after being hit.


   Skills:
 - Level 10.0 Fighting
 * Level 11.4 Axes
 - Level 3.0 Throwing
 + Level 6.8 Armour
 - Level 2.5 Dodging
 - Level 0.5 Stealth
 - Level 5.0 Invocations


You had 10 spell levels left.
You didn't know any spells.
Your spell library contained the following spells:

 Spells                   Type           Power        Failure   Level
 Magic Dart               Conj           0%           32%         1
 Sting                    Tmut/Pois      0%           32%         1
 Poisonous Vapours        Pois/Air       0%           45%         2
 Searing Ray              Conj           0%           45%         2
 Dazzling Flash           Conj/Hex       0%           69%         3
 Ignite Poison            Fire/Tmut/Pois 0%           69%         3
 Mephitic Cloud           Conj/Pois/Air  0%           69%         3
 Fulminant Prism          Conj/Hex       0%           97%         4
 Iskenderun's Mystic Bla  Conj/Tloc      0%           97%         4
 Olgreb's Toxic Radiance  Pois           0%           97%         4

Inventory:

Hand Weapons
 a - a +2 dagger of draining
 b - a +0 morningstar (weapon)
 l - a +0 short sword
 u - a +4 whip
 G - a +6 battleaxe of freezing
Missiles
 c - 6 javelins
 d - 2 throwing nets {=f}
Armour
 j - a +0 cloak (worn)
 m - a +0 barding (worn)
 o - a +1 pair of gloves (worn)
 y - a +0 helmet (worn)
Jewellery
 L - a ring of resist corrosion (right hand)
Wands
 H - a wand of iceblast (21)
 I - a wand of enslavement (5)
 J - a wand of paralysis (11)
 K - a wand of acid (9)
Scrolls
 e - 7 scrolls of teleportation {@r4}
 i - 3 scrolls of identify {@r1}
 k - 3 scrolls of remove curse
 p - 3 scrolls of amnesia
 r - 2 scrolls of fog
 s - 2 scrolls of brand weapon
 t - 2 scrolls of blinking
 x - 3 scrolls of magic mapping
 A - 2 scrolls of fear
 F - 2 scrolls of enchant armour
Potions
 f - 4 potions of haste {unknown}
 g - 4 potions of heal wounds {unknown}
 h - 9 potions of curing {@q1}
 n - 6 potions of lignification {unknown}
 q - a potion of ambrosia {unknown}
 v - 2 potions of cancellation {unknown}
 w - 2 potions of invisibility
 z - a potion of berserk rage {unknown}
 B - a potion of might {unknown}
 C - a potion of attraction {unknown}
 D - a potion of mutation {unknown}
 E - a potion of degeneration {unknown}

Dungeon Overview and Level Annotations

Branches:
Dungeon (9/15)             Temple (1/1) D:4            Lair (0/6) D:8
Ossuary (visited)
    Orc: D:9-12

Altars:
Ashenzari
Cheibriados
Dithmenos
Elyvilon
Fedhas
Gozag
Hepliaklqana
Kikubaaqudgha
Makhleb
Nemelex Xobeh
Okawaru
Qazlal
Ru
Sif Muna
Trog
Uskayaw
Vehumet
Wu Jian
Xom
Yredelemnul
Zin
The Shining One

▒▒.▒▒ ▒...(....).▒▒.▒
▒.▒.▒ ▒.....▒▒▒▒▒▒▒.▒
▒..▒▒ ▒.....▒ ▒▒▒.▒
▒.▒▒ ▒.....▒ ▒...▒
▒.▒ ▒.....▒ ▒.▒▒▒ ▒.▒
▒▒▒.▒▒▒ ▒.▒ ▒.▒
▒▒▒▒▒.▒ ▒.▒ ▒.▒
▒.....▒▒▒▒▒▒▒.▒
▒.▒▒▒▒▒.▒▒▒▒▒.yHh...▒
▒▒▒▒▒ ▒.....▒.▒
▒.▒▒▒▒▒▒▒ ▒....
▒▒▒▒▒.▒.▒▒▒▒▒.▒ ▒.▒▒▒
▒.......▒▒.▒ ▒▒▒▒▒
▒.▒▒▒ ▒..▒.▒▒.▒▒.▒
▒▒...▒▒ ▒.▒▒.
▒▒▒▒..........▒
▒.....▒▒▒.▒▒.
▒......▒▒▒..▒▒▒
▒............
▒▒.▒▒.......(▒
▒......▒.▒▒▒.
...▒▒▒▒.▒▒▒▒.▒▒
▒....>.▒.....


You could see a vampire mosquito and a howler monkey.


Message History

The vampire mosquito draws strength from your injuries!
The vampire mosquito closely misses you.
There is a stone staircase leading up here.
The vampire mosquito closely misses you.
The howler monkey misses you. The vampire mosquito bites you.
* * * LOW HITPOINT WARNING * * *
The vampire mosquito draws strength from your injuries!
You climb upwards.
There is a stone staircase leading down here.
Unknown command.
It was a potion of curing.
The vampire mosquito bites you.
* * * LOW HITPOINT WARNING * * *
The vampire mosquito draws strength from your injuries!
The howler monkey hits you but does no damage.
The vampire mosquito bites you.
* * * LOW HITPOINT WARNING * * *
The vampire mosquito draws strength from your injuries!
The vampire mosquito bites you.
* * * LOW HITPOINT WARNING * * *
The vampire mosquito draws strength from your injuries!
The howler monkey hits you.
* * * LOW HITPOINT WARNING * * *
The vampire mosquito bites you but does no damage.
Unknown command.
You hit the vampire mosquito.
The vampire mosquito is lightly damaged.
The vampire mosquito bites you!
You die...

Action                   |  1- 3 |  4- 6 |  7- 9 | 10-12 || total
-------------------------+-------+-------+-------+-------++-------
Melee: Short sword       |    18 |       |       |       ||    18
       Tailslap          |     5 |    14 |    48 |    21 ||    88
       Dagger            |    24 |   130 |   121 |       ||   275
       Morningstar       |       |     8 |    88 |     5 ||   101
       Battleaxe         |       |       |   131 |   221 ||   352
       Punch             |       |       |     1 |       ||     1
Throw: Javelin           |     1 |     4 |    11 |       ||    16
Invok: Heroism           |       |       |     7 |    11 ||    18
 Abil: Rolling Charge    |       |     2 |     7 |     1 ||    10
Evoke: Wand              |       |       |       |     2 ||     2
  Use: Scroll            |       |       |    13 |     3 ||    16
       Potion            |       |       |       |     2 ||     2
 Stab: Sleeping          |       |       |     1 |     2 ||     3
Armor: Leather armour    |    19 |    80 |   111 |       ||   210
       Skin              |       |       |    54 |   175 ||   229
Dodge: Dodged            |    28 |    39 |   139 |   143 ||   349

Levels and vault maps discovered:
D:1:      minmay_arrival_diagonal_passages, layout_basic,
          hangedman_feature_mirror
D:2:      layout_loops_cross, lemuel_blue_sif_altar
D:3:      layout_loops_ring, yredelemnul_altar_generic,
          nzn_wu_jian_council_hall, old_standard_altar
D:4:      cheibrodos_helix_gallery, layout_rooms, lemuel_round_altar,
          minmay_temple_entry_crystal_x
D:5:      layout_basic, grunt_temple_overflow_open,
          gammafunk_temple_overflow_statue, minivault_4
D:6:      layout_loops_corners, grunt_temple_overflow_gold_and_silver,
          nicolae_ossuary_entry_monument, minmay_tree_intersection
D:7:      layout_loops_ring, nicolae_ru_sacrificial_ziggurat,
          lemuel_doored_altar, grunt_decor_resistance, cheibriados_altar_1
D:8:      layout_loops_cross, dpeg_lair_monsters
D:9:      minmay_the_grid_triangle_9x9_recursive_2
          [minmay_the_grid_triangle_9x9_prize_special,
          minmay_the_grid_triangle_9x9_limited_checkers,
          minmay_the_grid_triangle_9x9_stretched_checkered,
          minmay_the_grid_triangle_9x9_zippers_vertical], layout_layer_cave,
          uniq_maurice
Temple:   chequers_temple_sunken

Notes
Turn   | Place    | Note
-------+----------+-------------------------------------------
     0 | D:1      | sanka the Palentonga Hunter began the quest for the Orb.
     0 | D:1      | Reached XP level 1. HP: 18/18 MP: 1/1
    65 | D:1      | Reached skill level 3 in Throwing
   982 | D:1      | Reached XP level 2. HP: 26/26 MP: 2/2
  1252 | D:2      | Reached skill level 3 in Fighting
  1319 | D:2      | Reached XP level 3. HP: 30/33 MP: 3/3
  1446 | D:2      | Reached skill level 4 in Fighting
  1771 | D:2      | Found a shimmering blue altar of Sif Muna.
  1894 | D:3      | Found a basalt altar of Yredelemnul.
  1909 | D:3      | Reached XP level 4. HP: 40/43 MP: 4/4
  2057 | D:3      | Found a burning altar of Makhleb.
  2100 | D:3      | Found an ornate altar of the Wu Jian Council.
  2399 | D:3      | Reached skill level 5 in Fighting
  2659 | D:4      | Noticed an ogre
  2665 | D:4      | Killed an ogre
  2666 | D:4      | Reached XP level 5. HP: 41/53 MP: 5/5
  2750 | D:4      | Reached skill level 6 in Fighting
  2810 | D:4      | Found a staircase to the Ecumenical Temple.
  2822 | Temple   | Entered the Ecumenical Temple
  3120 | D:4      | Noticed a phantom
  3149 | D:4      | Killed a phantom
  3150 | D:4      | Reached XP level 6. HP: 38/62 MP: 6/6
  3173 | D:4      | Reached skill level 7 in Fighting
  3174 | D:4      | HP: 6/64 [poisoned by a scorpion]
  3179 | D:4      | HP: 5/64 [poisoned by a scorpion]
  3185 | Temple   | HP: 5/64 [poisoned by a scorpion]
  3193 | Temple   | HP: 4/64 [poisoned by a scorpion]
  3660 | D:4      | Found a glowing golden altar of the Shining One.
  3946 | D:4      | Gained mutation: You curl defensively after being hit.
                  | [Palentonga growth]
  3946 | D:4      | Reached XP level 7. HP: 63/71 MP: 7/7
  4059 | D:5      | Entered Level 5 of the Dungeon
  4065 | D:5      | Found an iron altar of Okawaru.
  4071 | D:5      | Found a blossoming altar of Fedhas.
  4072 | D:5      | Found a broken altar of Ashenzari.
  4086 | D:5      | Became a worshipper of Warmaster Okawaru
  4217 | D:5      | Reached skill level 8 in Fighting
  4762 | D:5      | Reached skill level 9 in Fighting
  4832 | D:5      | HP: 2/74 [white imp/puff of frost (10)]
  5246 | D:5      | Found a shimmering altar of Xom.
  5247 | D:5      | Found a bloodstained altar of Trog.
  5395 | D:5      | Reached * piety under Okawaru
  5491 | D:4      | Reached XP level 8. HP: 23/84 MP: 5/8
  5760 | D:5      | Reached skill level 1 in Invocations
  6019 | D:6      | Found a sand-covered staircase.
  6047 | Ossuary  | Entered an ossuary
  6206 | Ossuary  | Reached skill level 2 in Invocations
  6324 | Ossuary  | Reached skill level 10 in Fighting
  6659 | D:6      | Reached skill level 3 in Invocations
  6757 | D:6      | Reached skill level 4 in Invocations
  6765 | D:6      | Reached skill level 5 in Invocations
  7122 | D:6      | Reached skill level 1 in Axes
  7122 | D:6      | Reached skill level 1 in Armour
  7122 | D:6      | Reached skill level 2 in Dodging
  7469 | D:6      | Reached skill level 2 in Axes
  7570 | D:6      | Reached ** piety under Okawaru
  7577 | D:6      | Reached XP level 9. HP: 73/90 MP: 12/12
  7781 | D:6      | Reached skill level 3 in Axes
  7867 | D:6      | Found a glowing silver altar of Zin.
  7867 | D:6      | Found an opulent altar of Gozag.
  8002 | D:6      | Reached skill level 2 in Armour
  8133 | D:7      | Reached skill level 4 in Axes
  8137 | D:7      | Reached skill level 5 in Axes
  8137 | D:7      | Reached skill level 3 in Armour
  8449 | D:7      | Reached skill level 6 in Axes
  8883 | D:7      | Found a snail-covered altar of Cheibriados.
  8924 | D:7      | Found a shadowy altar of Dithmenos.
  9003 | D:7      | Reached skill level 4 in Armour
  9133 | D:7      | Reached *** piety under Okawaru
  9134 | D:7      | Reached skill level 7 in Axes
  9183 | D:7      | Found a sacrificial altar of Ru.
  9503 | D:8      | Reached XP level 10. HP: 69/99 MP: 13/13
  9656 | D:8      | Noticed a death yak
  9661 | D:8      | Noticed a death yak
  9742 | D:7      | HP: 7/99 [death yak (11)]
  9743 | D:7      | Killed a death yak
  9745 | D:7      | Reached skill level 8 in Axes
  9747 | D:7      | HP: 5/99 [poisoned by a killer bee]
  9754 | D:7      | HP: 5/99 [poisoned by a killer bee]
  9762 | D:7      | HP: 5/99 [poisoned by a killer bee]
 10126 | D:8      | Noticed a death yak
 10308 | D:7      | Killed a death yak
 10309 | D:7      | Reached skill level 5 in Armour
 10483 | D:7      | Killed a death yak
 10483 | D:7      | Reached **** piety under Okawaru
 10484 | D:7      | Reached skill level 9 in Axes
 10955 | D:8      | Found a staircase to the Lair.
 11028 | D:8      | Received a gift from Okawaru
 11894 | D:9      | Reached skill level 10 in Axes
 12235 | D:9      | Reached skill level 6 in Armour
 12570 | D:9      | Noticed a two-headed ogre
 12580 | D:9      | Killed a two-headed ogre
 12581 | D:9      | Reached XP level 11. HP: 69/105 MP: 11/14
 12875 | D:9      | Noticed Maurice
 12890 | D:9      | Killed Maurice
 13189 | D:9      | Noticed a two-headed ogre
 13194 | D:9      | Killed a two-headed ogre
 13294 | D:9      | Reached skill level 11 in Axes
 13928 | D:9      | Noticed a five-headed hydra
 13937 | D:9      | Killed a five-headed hydra
 13971 | D:9      | HP: 9/105 [vampire mosquito (4)]
 13980 | D:9      | HP: 5/105 [vampire mosquito (6)]
 13986 | D:8      | Slain by a vampire mosquito

Vanquished Creatures
  A hydra (D:9)
  2 two-headed ogres (D:9)
  3 death yaks (D:7)
  Maurice (D:9)
  6 yaks (D:7)
  A wyvern (D:9)
  A vampire (D:9)
  5 orc warriors
  A black bear (D:9)
  2 sky beasts
  7 ogres
  2 ice beasts
  4 phantoms
  4 centaurs
  A big kobold (D:7)
  2 bullfrogs
  4 scorpions
  2 jellies
  17 killer bees
  5 wights (D:6)
  2 howler monkeys
  A bullfrog zombie (D:9)
  2 centaur zombies
  8 hounds
  A quasit (D:7)
  5 orc priests
  A centaur skeleton (D:6)
  4 bullfrog skeletons
  8 orc wizards
  6 iguanas
  A hell rat (D:8)
  6 worker ants
  A killer bee zombie (D:5)
  8 mummies (Ossuary)
  A hound skeleton (D:6)
  2 worker ant zombies
  A river rat (D:7)
  7 adders
  3 shadow imps
  2 white imps
  An ooze (D:4)
  An adder skeleton (D:9)
  A worm (D:5)
  6 leopard geckos
  37 orcs
  6 bats
  2 giant cockroaches
  A gnoll zombie (Ossuary)
  3 goblins
  2 hobgoblins
  4 jackals (D:8)
  5 quokkas
  A ball python (D:4)
  A frilled lizard (D:3)
  2 hobgoblin zombies (Ossuary)
  10 kobolds
  2 kobold zombies (Ossuary)
  A leopard gecko zombie (D:8)
  3 orc zombies (Ossuary)
  4 rats
234 creatures vanquished.

Table legend: (Time is in decaauts)
 A = Elapsed time spent in this place.
 B = Non-inter-level travel time spent in this place.
 C = Inter-level travel time spent in this place.
 D = Time resting spent in this place.
 E = Time spent auto-exploring this place.
 F = Levels seen in this place.
 G = Mean time per level.
                   A        B        C        D        E       F      G
               +--------+--------+--------+--------+--------+-----+--------+
         Total |  14166 |  13656 |    510 |   4892 |   6871 |  11 | 1287.8 |
       Dungeon |  13014 |  12534 |    480 |   4249 |   6570 |   9 | 1446.0 |
        Temple |    532 |    502 |     30 |    310 |    187 |   1 |  532.0 |
       Ossuary |    619 |    619 |      0 |    333 |    114 |   1 |  619.0 |
               +--------+--------+--------+--------+--------+-----+--------+

Top non-repeatable levels by time:
     D:7: 2506 daAuts
     D:9: 2286 daAuts
     D:5: 1798 daAuts
     D:6: 1359 daAuts
     D:8: 1205 daAuts
     D:4: 1198 daAuts
     D:1: 1197 daAuts
     D:3: 804 daAuts
     D:2: 658 daAuts
 Ossuary: 619 daAuts
  Temple: 532 daAuts
